[Event "Live Chess"]
[Site "Chess.com"]
[Date "2015.09.15"]
[Round "-"]
[White "Vladimir_VP"]
[Black "egor_tensin"]
[Result "0-1"]
[WhiteElo "1551"]
[BlackElo "1671"]
[TimeControl "900+10"]
[Termination "egor_tensin won on time"]
[Annotator "egor_tensin"]

{We both played equally badly in this game. Didn't make any huge blunders, at
least. The most memorable thing was my opponent losing on time and
rage-quitting.}
1.e4 e5
2.Nf3 Nf6
3.Nc3 Nc6
4.Bb5 Bb4
5.Bxc6 bxc6
6.d3 O-O
7.Bd2 d6
8.O-O Bg4
9.a3 Ba5
10.b4 Bb6
11.Be3 Bxe3
12.fxe3 Nd7
13.Qe2 a5
14.Qf2 Bxf3
15.Qxf3 axb4
16.axb4 Rxa1
17.Rxa1 Qf6
18.Ra7 Qd8
19.Qf2 Qb8
20.Ra4 Qb7
21.Qd2 Rb8
22.Na2 c5
23.bxc5 Nxc5
24.Rb4 Qa7
25.Rxb8+ Qxb8
26.Qb4 Qa7
27.Qb5 g6
28.Qc4 Qa5
29.Nb4 Qa1+
30.Kf2 Qb2
31.Nd5 Qb7
32.Qb4 Qa7
33.Qb5 Kg7
34.Kf3 Ne6
35.Qc4 Qb7
36.Qb4 Qc6
37.Qb3 Qc5
38.Qc3 Qxc3
39.Nxc3 c6
40.Na4 Kf6
41.Nb6 Ke7
42.Nc4 h6
43.c3 Kd7
44.d4 exd4
45.exd4 d5
46.exd5 cxd5
47.Ne5+ Ke7
48.Ke3 Kf6
49.c4 dxc4
50.Nxc4 Kf5
51.Nd6+ Kf6
52.Ne4+ Kf5
53.Nd6+ Kf6
54.Nb5 Ke7
55.d5 Nd8
56.Ke4 Kf6
57.d6 Ke6
58.g4 Nb7
0-1

[Event "Live Chess"]
[Site "Chess.com"]
[Date "2015.09.16"]
[Round "-"]
[White "egor_tensin"]
[Black "Vladimir_VP"]
[Result "1/2-1/2"]
[WhiteElo "1676"]
[BlackElo "1536"]
[TimeControl "900+10"]
[Termination "Game drawn by repetition"]
[Annotator "egor_tensin"]

{Can't believe I've let such an advantage slip.}
1.Nf3 Nc6
2.g3 e5
3.d3 Nf6
4.Bg2 d5
5.O-O Bd6
6.Nbd2 O-O
7.e4 d4
8.Nc4 Bg4
9.Nxd6 Qxd6
10.Qd2 Bxf3
11.Bxf3 Qe6
12.Bg2 b6
13.Qe2 Qg4
14.Qxg4 Nxg4
15.f3 Ne3
16.Bxe3 dxe3
17.Rfe1 Nd4
18.Rac1 f5
19.exf5 Rxf5
20.Rxe3 Raf8
21.Kf2 Re8
22.c3 Nc6
23.f4 Nd8
24.Rce1 Nf7
25.Kg1 {I have a decisive advantage.} g6
26.Bh3 Rh5
27.Bg4 Rh6 {My opponent's having a hard time saving his rook from getting
trapped. I gotta win this, right?}
28.fxe5 Kg7
29.h4 g5
30.h5 c5
31.Bd7 Re7
32.e6 Nd8
33.g4 Rf6
34.Re5 h6
35.Kg2 Rf4
36.Kg3 Rf6
37.R1e2 Rf1
38.d4 cxd4
39.cxd4 Rd1
40.d5 Rd3+
41.Kg2 Rd4
42.R5e4 {Just silly, although it was hard for me to see how I could maintain my
advantage.}
  (42.Bc8 {apparently does the job.})
42...Rxd5
43.Rc4 Rd6
  (43...Rdxd7 {would've won for Black. That would've been truly embarassing.})
44.Rce4 {It's a dead draw now.} a5
45.a4 Kf6
46.Rf2+ Kg7
47.Rfe2 Kf6
48.Rf2+ Kg7
49.Rfe2 Kf6
50.Rf2+
1/2-1/2